Workbook

Sheet Summary
A1: Pest Control Marketing Campaign Tracker — Summary
A2: Indicators use only entered Campaigns data. Blank denominators are excluded from calculated rates.
A3: Campaign Indicators | D3: Outcome Indicators
A4: Campaigns entered | B4: =COUNTIF(Campaigns!$B$4:$B$103,"<>") | D4: Sales | E4: =IF($B$4=0,"",SUMIF(Campaigns!$B$4:$B$103,"<>",Campaigns!$L$4:$L$103))
A5: Active campaigns | B5: =COUNTIF(Campaigns!$G$4:$G$103,"Active") | D5: Revenue | E5: =IF($B$4=0,"",SUMIF(Campaigns!$B$4:$B$103,"<>",Campaigns!$M$4:$M$103))
A6: Campaigns needing review | B6: =COUNTIF(Campaigns!$S$4:$S$103,"Review*") | D6: Cost per lead | E6: =IFERROR($B$7/$B$8,"")
A7: Total spend | B7: =IF($B$4=0,"",SUMIF(Campaigns!$B$4:$B$103,"<>",Campaigns!$I$4:$I$103)) | D7: Booking rate | E7: =IFERROR($B$9/$B$8,"")
A8: Total leads | B8: =IF($B$4=0,"",SUMIF(Campaigns!$B$4:$B$103,"<>",Campaigns!$J$4:$J$103)) | D8: Close rate | E8: =IFERROR($E$4/$B$9,"")
A9: Booked inspections | B9: =IF($B$4=0,"",SUMIF(Campaigns!$B$4:$B$103,"<>",Campaigns!$K$4:$K$103)) | D9: Return on spend | E9: =IFERROR($E$5/$B$7,"")
A10: Complete campaigns | B10: =COUNTIF(Campaigns!$G$4:$G$103,"Complete") | D10: Budget remaining | E10: =IF($B$4=0,"",SUMIF(Campaigns!$B$4:$B$103,"<>",Campaigns!$H$4:$H$103)-SUMIF(Campaigns!$B$4:$B$103,"<>",Campaigns!$I$4:$I$103))
A11: Planned campaigns | B11: =COUNTIF(Campaigns!$G$4:$G$103,"Planned") | D11: Revenue per sale | E11: =IFERROR($E$5/$E$4,"")
A14: Channel | B14: Spend | C14: Revenue | D14: Sales
A15: =IF(Assumptions!$A$4="","",Assumptions!$A$4) | B15: =IF($A15="","",IF(COUNTIF(Campaigns!$E$4:$E$103,$A15)=0,"",SUMIF(Campaigns!$E$4:$E$103,$A15,Campaigns!$I$4:$I$103))) | C15: =IF($A15="","",IF(COUNTIF(Campaigns!$E$4:$E$103,$A15)=0,"",SUMIF(Campaigns!$E$4:$E$103,$A15,Campaigns!$M$4:$M$103))) | D15: =IF($A15="","",IF(COUNTIF(Campaigns!$E$4:$E$103,$A15)=0,"",SUMIF(Campaigns!$E$4:$E$103,$A15,Campaigns!$L$4:$L$103)))
A16: =IF(Assumptions!$A$5="","",Assumptions!$A$5) | B16: =IF($A16="","",IF(COUNTIF(Campaigns!$E$4:$E$103,$A16)=0,"",SUMIF(Campaigns!$E$4:$E$103,$A16,Campaigns!$I$4:$I$103))) | C16: =IF($A16="","",IF(COUNTIF(Campaigns!$E$4:$E$103,$A16)=0,"",SUMIF(Campaigns!$E$4:$E$103,$A16,Campaigns!$M$4:$M$103))) | D16: =IF($A16="","",IF(COUNTIF(Campaigns!$E$4:$E$103,$A16)=0,"",SUMIF(Campaigns!$E$4:$E$103,$A16,Campaigns!$L$4:$L$103)))
A17: =IF(Assumptions!$A$6="","",Assumptions!$A$6) | B17: =IF($A17="","",IF(COUNTIF(Campaigns!$E$4:$E$103,$A17)=0,"",SUMIF(Campaigns!$E$4:$E$103,$A17,Campaigns!$I$4:$I$103))) | C17: =IF($A17="","",IF(COUNTIF(Campaigns!$E$4:$E$103,$A17)=0,"",SUMIF(Campaigns!$E$4:$E$103,$A17,Campaigns!$M$4:$M$103))) | D17: =IF($A17="","",IF(COUNTIF(Campaigns!$E$4:$E$103,$A17)=0,"",SUMIF(Campaigns!$E$4:$E$103,$A17,Campaigns!$L$4:$L$103)))
A18: =IF(Assumptions!$A$7="","",Assumptions!$A$7) | B18: =IF($A18="","",IF(COUNTIF(Campaigns!$E$4:$E$103,$A18)=0,"",SUMIF(Campaigns!$E$4:$E$103,$A18,Campaigns!$I$4:$I$103))) | C18: =IF($A18="","",IF(COUNTIF(Campaigns!$E$4:$E$103,$A18)=0,"",SUMIF(Campaigns!$E$4:$E$103,$A18,Campaigns!$M$4:$M$103))) | D18: =IF($A18="","",IF(COUNTIF(Campaigns!$E$4:$E$103,$A18)=0,"",SUMIF(Campaigns!$E$4:$E$103,$A18,Campaigns!$L$4:$L$103)))
A19: =IF(Assumptions!$A$8="","",Assumptions!$A$8) | B19: =IF($A19="","",IF(COUNTIF(Campaigns!$E$4:$E$103,$A19)=0,"",SUMIF(Campaigns!$E$4:$E$103,$A19,Campaigns!$I$4:$I$103))) | C19: =IF($A19="","",IF(COUNTIF(Campaigns!$E$4:$E$103,$A19)=0,"",SUMIF(Campaigns!$E$4:$E$103,$A19,Campaigns!$M$4:$M$103))) | D19: =IF($A19="","",IF(COUNTIF(Campaigns!$E$4:$E$103,$A19)=0,"",SUMIF(Campaigns!$E$4:$E$103,$A19,Campaigns!$L$4:$L$103)))
A20: =IF(Assumptions!$A$9="","",Assumptions!$A$9) | B20: =IF($A20="","",IF(COUNTIF(Campaigns!$E$4:$E$103,$A20)=0,"",SUMIF(Campaigns!$E$4:$E$103,$A20,Campaigns!$I$4:$I$103))) | C20: =IF($A20="","",IF(COUNTIF(Campaigns!$E$4:$E$103,$A20)=0,"",SUMIF(Campaigns!$E$4:$E$103,$A20,Campaigns!$M$4:$M$103))) | D20: =IF($A20="","",IF(COUNTIF(Campaigns!$E$4:$E$103,$A20)=0,"",SUMIF(Campaigns!$E$4:$E$103,$A20,Campaigns!$L$4:$L$103)))

Sheet Campaigns
A1: Pest Control Marketing Campaign Tracker — Campaign Records
A2: Enter campaign activity in yellow cells. Calculated fields support human review. All sample campaigns and people are fictional.
A3: Campaign ID | B3: Campaign Name | C3: Start Date | D3: End Date | E3: Channel | F3: Campaign Owner | G3: Status | H3: Budget | I3: Spend | J3: Leads | K3: Booked Inspections | L3: Sales | M3: Revenue | N3: Cost per Lead | O3: Booking Rate | P3: Close Rate | Q3: Return on Spend | R3: Budget Remaining | S3: Campaign Review
A4: FC-26-001 | B4: Fictional Spring Ant Awareness | C4: 46028 | D4: 46081 | E4: Direct Mail | F4: Rowan Pike (Fictional) | G4: Complete | H4: 4500 | I4: 4200 | J4: 140 | K4: 42 | L4: 18 | M4: 12600 | N4: =IF($B4="","",IF(OR($I4="",$J4="",$J4=0),"",IFERROR($I4/$J4,""))) | O4: =IF($B4="","",IF(OR($J4="",$K4="",$J4=0),"",IFERROR($K4/$J4,""))) | P4: =IF($B4="","",IF(OR($K4="",$L4="",$K4=0),"",IFERROR($L4/$K4,""))) | Q4: =IF($B4="","",IF(OR($I4="",$M4="",$I4=0),"",IFERROR($M4/$I4,""))) | R4: =IF($B4="","",IF(OR($H4="",$I4=""),"",$H4-$I4)) | S4: =IF($B4="","",IF(OR($A4="",$C4="",$D4="",$E4="",$F4="",$G4="",$H4=""),"Review setup",IF(COUNTIF($A$4:$A$103,$A4)>1,"Review duplicate ID",IF($D4<$C4,"Review dates",IF(AND($G4="Complete",OR($I4="",$J4="",$K4="",$L4="",$M4="")),"Review results",IF(OR($H4<0,$I4<0,$J4<0,$K4<0,$L4<0,$M4<0),"Review entries",IF($K4>$J4,"Review bookings",IF($L4>$K4,"Review sales",IF(AND($H4>=0,$I4>$H4*Assumptions!$E$4),"Review spend",IF(AND($J4>0,IFERROR($K4/$J4,0)<Assumptions!$E$5),"Review booking rate",IF(AND($K4>0,IFERROR($L4/$K4,0)<Assumptions!$E$6),"Review close rate","OK"))))))))))) | T4: =Assumptions!$A$4 | U4: =Assumptions!$B$4 | V4: =Assumptions!$C$4 | W4: =Assumptions!$E$7
A5: FC-26-002 | B5: Fictional Crawlspace Check Week | C5: 46063 | D5: 46112 | E5: Search Ads | F5: Morgan Vale (Fictional) | G5: Complete | H5: 3500 | I5: 3650 | J5: 95 | K5: 19 | L5: 6 | M5: 5400 | N5: =IF($B5="","",IF(OR($I5="",$J5="",$J5=0),"",IFERROR($I5/$J5,""))) | O5: =IF($B5="","",IF(OR($J5="",$K5="",$J5=0),"",IFERROR($K5/$J5,""))) | P5: =IF($B5="","",IF(OR($K5="",$L5="",$K5=0),"",IFERROR($L5/$K5,""))) | Q5: =IF($B5="","",IF(OR($I5="",$M5="",$I5=0),"",IFERROR($M5/$I5,""))) | R5: =IF($B5="","",IF(OR($H5="",$I5=""),"",$H5-$I5)) | S5: =IF($B5="","",IF(OR($A5="",$C5="",$D5="",$E5="",$F5="",$G5="",$H5=""),"Review setup",IF(COUNTIF($A$4:$A$103,$A5)>1,"Review duplicate ID",IF($D5<$C5,"Review dates",IF(AND($G5="Complete",OR($I5="",$J5="",$K5="",$L5="",$M5="")),"Review results",IF(OR($H5<0,$I5<0,$J5<0,$K5<0,$L5<0,$M5<0),"Review entries",IF($K5>$J5,"Review bookings",IF($L5>$K5,"Review sales",IF(AND($H5>=0,$I5>$H5*Assumptions!$E$4),"Review spend",IF(AND($J5>0,IFERROR($K5/$J5,0)<Assumptions!$E$5),"Review booking rate",IF(AND($K5>0,IFERROR($L5/$K5,0)<Assumptions!$E$6),"Review close rate","OK"))))))))))) | T5: =Assumptions!$A$5 | U5: =Assumptions!$B$5 | V5: =Assumptions!$C$5 | W5: =Assumptions!$E$8
A6: FC-26-003 | B6: Fictional Mosquito Season Preview | C6: 46096 | D6: 46157 | E6: Social Media | F6: Avery Quill (Fictional) | G6: Complete | H6: 2800 | I6: 2800 | J6: 110 | K6: 22 | L6: 7 | M6: 5600 | N6: =IF($B6="","",IF(OR($I6="",$J6="",$J6=0),"",IFERROR($I6/$J6,""))) | O6: =IF($B6="","",IF(OR($J6="",$K6="",$J6=0),"",IFERROR($K6/$J6,""))) | P6: =IF($B6="","",IF(OR($K6="",$L6="",$K6=0),"",IFERROR($L6/$K6,""))) | Q6: =IF($B6="","",IF(OR($I6="",$M6="",$I6=0),"",IFERROR($M6/$I6,""))) | R6: =IF($B6="","",IF(OR($H6="",$I6=""),"",$H6-$I6)) | S6: =IF($B6="","",IF(OR($A6="",$C6="",$D6="",$E6="",$F6="",$G6="",$H6=""),"Review setup",IF(COUNTIF($A$4:$A$103,$A6)>1,"Review duplicate ID",IF($D6<$C6,"Review dates",IF(AND($G6="Complete",OR($I6="",$J6="",$K6="",$L6="",$M6="")),"Review results",IF(OR($H6<0,$I6<0,$J6<0,$K6<0,$L6<0,$M6<0),"Review entries",IF($K6>$J6,"Review bookings",IF($L6>$K6,"Review sales",IF(AND($H6>=0,$I6>$H6*Assumptions!$E$4),"Review spend",IF(AND($J6>0,IFERROR($K6/$J6,0)<Assumptions!$E$5),"Review booking rate",IF(AND($K6>0,IFERROR($L6/$K6,0)<Assumptions!$E$6),"Review close rate","OK"))))))))))) | T6: =Assumptions!$A$6 | U6: =Assumptions!$B$6 | V6: =Assumptions!$C$6
A7: FC-26-004 | B7: Fictional Neighbor Referral Cards | C7: 46113 | D7: 46203 | E7: Referral | F7: Casey North (Fictional) | G7: Complete | H7: 1200 | I7: 900 | J7: 45 | K7: 18 | L7: 6 | M7: 5100 | N7: =IF($B7="","",IF(OR($I7="",$J7="",$J7=0),"",IFERROR($I7/$J7,""))) | O7: =IF($B7="","",IF(OR($J7="",$K7="",$J7=0),"",IFERROR($K7/$J7,""))) | P7: =IF($B7="","",IF(OR($K7="",$L7="",$K7=0),"",IFERROR($L7/$K7,""))) | Q7: =IF($B7="","",IF(OR($I7="",$M7="",$I7=0),"",IFERROR($M7/$I7,""))) | R7: =IF($B7="","",IF(OR($H7="",$I7=""),"",$H7-$I7)) | S7: =IF($B7="","",IF(OR($A7="",$C7="",$D7="",$E7="",$F7="",$G7="",$H7=""),"Review setup",IF(COUNTIF($A$4:$A$103,$A7)>1,"Review duplicate ID",IF($D7<$C7,"Review dates",IF(AND($G7="Complete",OR($I7="",$J7="",$K7="",$L7="",$M7="")),"Review results",IF(OR($H7<0,$I7<0,$J7<0,$K7<0,$L7<0,$M7<0),"Review entries",IF($K7>$J7,"Review bookings",IF($L7>$K7,"Review sales",IF(AND($H7>=0,$I7>$H7*Assumptions!$E$4),"Review spend",IF(AND($J7>0,IFERROR($K7/$J7,0)<Assumptions!$E$5),"Review booking rate",IF(AND($K7>0,IFERROR($L7/$K7,0)<Assumptions!$E$6),"Review close rate","OK"))))))))))) | T7: =Assumptions!$A$7 | U7: =Assumptions!$B$7 | V7: =Assumptions!$C$7
A8: FC-26-005 | B8: Fictional Summer Service Reminder | C8: 46143 | D8: 46218 | E8: Email | F8: Jordan Flint (Fictional) | G8: Complete | H8: 800 | I8: 600 | J8: 80 | K8: 12 | L8: 5 | M8: 4250 | N8: =IF($B8="","",IF(OR($I8="",$J8="",$J8=0),"",IFERROR($I8/$J8,""))) | O8: =IF($B8="","",IF(OR($J8="",$K8="",$J8=0),"",IFERROR($K8/$J8,""))) | P8: =IF($B8="","",IF(OR($K8="",$L8="",$K8=0),"",IFERROR($L8/$K8,""))) | Q8: =IF($B8="","",IF(OR($I8="",$M8="",$I8=0),"",IFERROR($M8/$I8,""))) | R8: =IF($B8="","",IF(OR($H8="",$I8=""),"",$H8-$I8)) | S8: =IF($B8="","",IF(OR($A8="",$C8="",$D8="",$E8="",$F8="",$G8="",$H8=""),"Review setup",IF(COUNTIF($A$4:$A$103,$A8)>1,"Review duplicate ID",IF($D8<$C8,"Review dates",IF(AND($G8="Complete",OR($I8="",$J8="",$K8="",$L8="",$M8="")),"Review results",IF(OR($H8<0,$I8<0,$J8<0,$K8<0,$L8<0,$M8<0),"Review entries",IF($K8>$J8,"Review bookings",IF($L8>$K8,"Review sales",IF(AND($H8>=0,$I8>$H8*Assumptions!$E$4),"Review spend",IF(AND($J8>0,IFERROR($K8/$J8,0)<Assumptions!$E$5),"Review booking rate",IF(AND($K8>0,IFERROR($L8/$K8,0)<Assumptions!$E$6),"Review close rate","OK"))))))))))) | T8: =Assumptions!$A$8 | U8: =Assumptions!$B$8 | V8: =Assumptions!$C$8
A9: FC-26-006 | B9: Fictional Community Booth Follow-Up | C9: 46183 | D9: 46254 | E9: Community Event | F9: Rowan Pike (Fictional) | G9: Complete | H9: 2500 | I9: 2400 | J9: 60 | K9: 24 | L9: 6 | M9: 5700 | N9: =IF($B9="","",IF(OR($I9="",$J9="",$J9=0),"",IFERROR($I9/$J9,""))) | O9: =IF($B9="","",IF(OR($J9="",$K9="",$J9=0),"",IFERROR($K9/$J9,""))) | P9: =IF($B9="","",IF(OR($K9="",$L9="",$K9=0),"",IFERROR($L9/$K9,""))) | Q9: =IF($B9="","",IF(OR($I9="",$M9="",$I9=0),"",IFERROR($M9/$I9,""))) | R9: =IF($B9="","",IF(OR($H9="",$I9=""),"",$H9-$I9)) | S9: =IF($B9="","",IF(OR($A9="",$C9="",$D9="",$E9="",$F9="",$G9="",$H9=""),"Review setup",IF(COUNTIF($A$4:$A$103,$A9)>1,"Review duplicate ID",IF($D9<$C9,"Review dates",IF(AND($G9="Complete",OR($I9="",$J9="",$K9="",$L9="",$M9="")),"Review results",IF(OR($H9<0,$I9<0,$J9<0,$K9<0,$L9<0,$M9<0),"Review entries",IF($K9>$J9,"Review bookings",IF($L9>$K9,"Review sales",IF(AND($H9>=0,$I9>$H9*Assumptions!$E$4),"Review spend",IF(AND($J9>0,IFERROR($K9/$J9,0)<Assumptions!$E$5),"Review booking rate",IF(AND($K9>0,IFERROR($L9/$K9,0)<Assumptions!$E$6),"Review close rate","OK"))))))))))) | T9: =Assumptions!$A$9
A10: FC-26-007 | B10: Fictional Rodent Inspection Search | C10: 46204 | D10: 46295 | E10: Search Ads | F10: Morgan Vale (Fictional) | G10: Active | H10: 5000 | I10: 3900 | J10: 130 | K10: 39 | L10: 14 | M10: 16800 | N10: =IF($B10="","",IF(OR($I10="",$J10="",$J10=0),"",IFERROR($I10/$J10,""))) | O10: =IF($B10="","",IF(OR($J10="",$K10="",$J10=0),"",IFERROR($K10/$J10,""))) | P10: =IF($B10="","",IF(OR($K10="",$L10="",$K10=0),"",IFERROR($L10/$K10,""))) | Q10: =IF($B10="","",IF(OR($I10="",$M10="",$I10=0),"",IFERROR($M10/$I10,""))) | R10: =IF($B10="","",IF(OR($H10="",$I10=""),"",$H10-$I10)) | S10: =IF($B10="","",IF(OR($A10="",$C10="",$D10="",$E10="",$F10="",$G10="",$H10=""),"Review setup",IF(COUNTIF($A$4:$A$103,$A10)>1,"Review duplicate ID",IF($D10<$C10,"Review dates",IF(AND($G10="Complete",OR($I10="",$J10="",$K10="",$L10="",$M10="")),"Review results",IF(OR($H10<0,$I10<0,$J10<0,$K10<0,$L10<0,$M10<0),"Review entries",IF($K10>$J10,"Review bookings",IF($L10>$K10,"Review sales",IF(AND($H10>=0,$I10>$H10*Assumptions!$E$4),"Review spend",IF(AND($J10>0,IFERROR($K10/$J10,0)<Assumptions!$E$5),"Review booking rate",IF(AND($K10>0,IFERROR($L10/$K10,0)<Assumptions!$E$6),"Review close rate","OK")))))))))))
A11: FC-26-008 | B11: Fictional Fall Perimeter Postcard | C11: 46249 | D11: 46310 | E11: Direct Mail | F11: Casey North (Fictional) | G11: Active | H11: 4000 | I11: 1700 | J11: 50 | K11: 10 | L11: 3 | M11: 3300 | N11: =IF($B11="","",IF(OR($I11="",$J11="",$J11=0),"",IFERROR($I11/$J11,""))) | O11: =IF($B11="","",IF(OR($J11="",$K11="",$J11=0),"",IFERROR($K11/$J11,""))) | P11: =IF($B11="","",IF(OR($K11="",$L11="",$K11=0),"",IFERROR($L11/$K11,""))) | Q11: =IF($B11="","",IF(OR($I11="",$M11="",$I11=0),"",IFERROR($M11/$I11,""))) | R11: =IF($B11="","",IF(OR($H11="",$I11=""),"",$H11-$I11)) | S11: =IF($B11="","",IF(OR($A11="",$C11="",$D11="",$E11="",$F11="",$G11="",$H11=""),"Review setup",IF(COUNTIF($A$4:$A$103,$A11)>1,"Review duplicate ID",IF($D11<$C11,"Review dates",IF(AND($G11="Complete",OR($I11="",$J11="",$K11="",$L11="",$M11="")),"Review results",IF(OR($H11<0,$I11<0,$J11<0,$K11<0,$L11<0,$M11<0),"Review entries",IF($K11>$J11,"Review bookings",IF($L11>$K11,"Review sales",IF(AND($H11>=0,$I11>$H11*Assumptions!$E$4),"Review spend",IF(AND($J11>0,IFERROR($K11/$J11,0)<Assumptions!$E$5),"Review booking rate",IF(AND($K11>0,IFERROR($L11/$K11,0)<Assumptions!$E$6),"Review close rate","OK")))))))))))
A12: FC-26-009 | B12: Fictional Flea Awareness Posts | C12: 46235 | D12: 46295 | E12: Social Media | F12: Avery Quill (Fictional) | G12: Paused | H12: 1500 | I12: 1500 | J12: 30 | K12: 6 | L12: 2 | M12: 1600 | N12: =IF($B12="","",IF(OR($I12="",$J12="",$J12=0),"",IFERROR($I12/$J12,""))) | O12: =IF($B12="","",IF(OR($J12="",$K12="",$J12=0),"",IFERROR($K12/$J12,""))) | P12: =IF($B12="","",IF(OR($K12="",$L12="",$K12=0),"",IFERROR($L12/$K12,""))) | Q12: =IF($B12="","",IF(OR($I12="",$M12="",$I12=0),"",IFERROR($M12/$I12,""))) | R12: =IF($B12="","",IF(OR($H12="",$I12=""),"",$H12-$I12)) | S12: =IF($B12="","",IF(OR($A12="",$C12="",$D12="",$E12="",$F12="",$G12="",$H12=""),"Review setup",IF(COUNTIF($A$4:$A$103,$A12)>1,"Review duplicate ID",IF($D12<$C12,"Review dates",IF(AND($G12="Complete",OR($I12="",$J12="",$K12="",$L12="",$M12="")),"Review results",IF(OR($H12<0,$I12<0,$J12<0,$K12<0,$L12<0,$M12<0),"Review entries",IF($K12>$J12,"Review bookings",IF($L12>$K12,"Review sales",IF(AND($H12>=0,$I12>$H12*Assumptions!$E$4),"Review spend",IF(AND($J12>0,IFERROR($K12/$J12,0)<Assumptions!$E$5),"Review booking rate",IF(AND($K12>0,IFERROR($L12/$K12,0)<Assumptions!$E$6),"Review close rate","OK")))))))))))
A13: FC-26-010 | B13: Fictional Winter Inspection Note | C13: 46296 | D13: 46356 | E13: Email | F13: Jordan Flint (Fictional) | G13: Planned | H13: 900 | I13: 0 | J13: 0 | K13: 0 | L13: 0 | M13: 0 | N13: =IF($B13="","",IF(OR($I13="",$J13="",$J13=0),"",IFERROR($I13/$J13,""))) | O13: =IF($B13="","",IF(OR($J13="",$K13="",$J13=0),"",IFERROR($K13/$J13,""))) | P13: =IF($B13="","",IF(OR($K13="",$L13="",$K13=0),"",IFERROR($L13/$K13,""))) | Q13: =IF($B13="","",IF(OR($I13="",$M13="",$I13=0),"",IFERROR($M13/$I13,""))) | R13: =IF($B13="","",IF(OR($H13="",$I13=""),"",$H13-$I13)) | S13: =IF($B13="","",IF(OR($A13="",$C13="",$D13="",$E13="",$F13="",$G13="",$H13=""),"Review setup",IF(COUNTIF($A$4:$A$103,$A13)>1,"Review duplicate ID",IF($D13<$C13,"Review dates",IF(AND($G13="Complete",OR($I13="",$J13="",$K13="",$L13="",$M13="")),"Review results",IF(OR($H13<0,$I13<0,$J13<0,$K13<0,$L13<0,$M13<0),"Review entries",IF($K13>$J13,"Review bookings",IF($L13>$K13,"Review sales",IF(AND($H13>=0,$I13>$H13*Assumptions!$E$4),"Review spend",IF(AND($J13>0,IFERROR($K13/$J13,0)<Assumptions!$E$5),"Review booking rate",IF(AND($K13>0,IFERROR($L13/$K13,0)<Assumptions!$E$6),"Review close rate","OK")))))))))))
N14: =IF($B14="","",IF(OR($I14="",$J14="",$J14=0),"",IFERROR($I14/$J14,""))) | O14: =IF($B14="","",IF(OR($J14="",$K14="",$J14=0),"",IFERROR($K14/$J14,""))) | P14: =IF($B14="","",IF(OR($K14="",$L14="",$K14=0),"",IFERROR($L14/$K14,""))) | Q14: =IF($B14="","",IF(OR($I14="",$M14="",$I14=0),"",IFERROR($M14/$I14,""))) | R14: =IF($B14="","",IF(OR($H14="",$I14=""),"",$H14-$I14)) | S14: =IF($B14="","",IF(OR($A14="",$C14="",$D14="",$E14="",$F14="",$G14="",$H14=""),"Review setup",IF(COUNTIF($A$4:$A$103,$A14)>1,"Review duplicate ID",IF($D14<$C14,"Review dates",IF(AND($G14="Complete",OR($I14="",$J14="",$K14="",$L14="",$M14="")),"Review results",IF(OR($H14<0,$I14<0,$J14<0,$K14<0,$L14<0,$M14<0),"Review entries",IF($K14>$J14,"Review bookings",IF($L14>$K14,"Review sales",IF(AND($H14>=0,$I14>$H14*Assumptions!$E$4),"Review spend",IF(AND($J14>0,IFERROR($K14/$J14,0)<Assumptions!$E$5),"Review booking rate",IF(AND($K14>0,IFERROR($L14/$K14,0)<Assumptions!$E$6),"Review close rate","OK")))))))))))
N15: =IF($B15="","",IF(OR($I15="",$J15="",$J15=0),"",IFERROR($I15/$J15,""))) | O15: =IF($B15="","",IF(OR($J15="",$K15="",$J15=0),"",IFERROR($K15/$J15,""))) | P15: =IF($B15="","",IF(OR($K15="",$L15="",$K15=0),"",IFERROR($L15/$K15,""))) | Q15: =IF($B15="","",IF(OR($I15="",$M15="",$I15=0),"",IFERROR($M15/$I15,""))) | R15: =IF($B15="","",IF(OR($H15="",$I15=""),"",$H15-$I15)) | S15: =IF($B15="","",IF(OR($A15="",$C15="",$D15="",$E15="",$F15="",$G15="",$H15=""),"Review setup",IF(COUNTIF($A$4:$A$103,$A15)>1,"Review duplicate ID",IF($D15<$C15,"Review dates",IF(AND($G15="Complete",OR($I15="",$J15="",$K15="",$L15="",$M15="")),"Review results",IF(OR($H15<0,$I15<0,$J15<0,$K15<0,$L15<0,$M15<0),"Review entries",IF($K15>$J15,"Review bookings",IF($L15>$K15,"Review sales",IF(AND($H15>=0,$I15>$H15*Assumptions!$E$4),"Review spend",IF(AND($J15>0,IFERROR($K15/$J15,0)<Assumptions!$E$5),"Review booking rate",IF(AND($K15>0,IFERROR($L15/$K15,0)<Assumptions!$E$6),"Review close rate","OK")))))))))))
N16: =IF($B16="","",IF(OR($I16="",$J16="",$J16=0),"",IFERROR($I16/$J16,""))) | O16: =IF($B16="","",IF(OR($J16="",$K16="",$J16=0),"",IFERROR($K16/$J16,""))) | P16: =IF($B16="","",IF(OR($K16="",$L16="",$K16=0),"",IFERROR($L16/$K16,""))) | Q16: =IF($B16="","",IF(OR($I16="",$M16="",$I16=0),"",IFERROR($M16/$I16,""))) | R16: =IF($B16="","",IF(OR($H16="",$I16=""),"",$H16-$I16)) | S16: =IF($B16="","",IF(OR($A16="",$C16="",$D16="",$E16="",$F16="",$G16="",$H16=""),"Review setup",IF(COUNTIF($A$4:$A$103,$A16)>1,"Review duplicate ID",IF($D16<$C16,"Review dates",IF(AND($G16="Complete",OR($I16="",$J16="",$K16="",$L16="",$M16="")),"Review results",IF(OR($H16<0,$I16<0,$J16<0,$K16<0,$L16<0,$M16<0),"Review entries",IF($K16>$J16,"Review bookings",IF($L16>$K16,"Review sales",IF(AND($H16>=0,$I16>$H16*Assumptions!$E$4),"Review spend",IF(AND($J16>0,IFERROR($K16/$J16,0)<Assumptions!$E$5),"Review booking rate",IF(AND($K16>0,IFERROR($L16/$K16,0)<Assumptions!$E$6),"Review close rate","OK")))))))))))
N17: =IF($B17="","",IF(OR($I17="",$J17="",$J17=0),"",IFERROR($I17/$J17,""))) | O17: =IF($B17="","",IF(OR($J17="",$K17="",$J17=0),"",IFERROR($K17/$J17,""))) | P17: =IF($B17="","",IF(OR($K17="",$L17="",$K17=0),"",IFERROR($L17/$K17,""))) | Q17: =IF($B17="","",IF(OR($I17="",$M17="",$I17=0),"",IFERROR($M17/$I17,""))) | R17: =IF($B17="","",IF(OR($H17="",$I17=""),"",$H17-$I17)) | S17: =IF($B17="","",IF(OR($A17="",$C17="",$D17="",$E17="",$F17="",$G17="",$H17=""),"Review setup",IF(COUNTIF($A$4:$A$103,$A17)>1,"Review duplicate ID",IF($D17<$C17,"Review dates",IF(AND($G17="Complete",OR($I17="",$J17="",$K17="",$L17="",$M17="")),"Review results",IF(OR($H17<0,$I17<0,$J17<0,$K17<0,$L17<0,$M17<0),"Review entries",IF($K17>$J17,"Review bookings",IF($L17>$K17,"Review sales",IF(AND($H17>=0,$I17>$H17*Assumptions!$E$4),"Review spend",IF(AND($J17>0,IFERROR($K17/$J17,0)<Assumptions!$E$5),"Review booking rate",IF(AND($K17>0,IFERROR($L17/$K17,0)<Assumptions!$E$6),"Review close rate","OK")))))))))))
N18: =IF($B18="","",IF(OR($I18="",$J18="",$J18=0),"",IFERROR($I18/$J18,""))) | O18: =IF($B18="","",IF(OR($J18="",$K18="",$J18=0),"",IFERROR($K18/$J18,""))) | P18: =IF($B18="","",IF(OR($K18="",$L18="",$K18=0),"",IFERROR($L18/$K18,""))) | Q18: =IF($B18="","",IF(OR($I18="",$M18="",$I18=0),"",IFERROR($M18/$I18,""))) | R18: =IF($B18="","",IF(OR($H18="",$I18=""),"",$H18-$I18)) | S18: =IF($B18="","",IF(OR($A18="",$C18="",$D18="",$E18="",$F18="",$G18="",$H18=""),"Review setup",IF(COUNTIF($A$4:$A$103,$A18)>1,"Review duplicate ID",IF($D18<$C18,"Review dates",IF(AND($G18="Complete",OR($I18="",$J18="",$K18="",$L18="",$M18="")),"Review results",IF(OR($H18<0,$I18<0,$J18<0,$K18<0,$L18<0,$M18<0),"Review entries",IF($K18>$J18,"Review bookings",IF($L18>$K18,"Review sales",IF(AND($H18>=0,$I18>$H18*Assumptions!$E$4),"Review spend",IF(AND($J18>0,IFERROR($K18/$J18,0)<Assumptions!$E$5),"Review booking rate",IF(AND($K18>0,IFERROR($L18/$K18,0)<Assumptions!$E$6),"Review close rate","OK")))))))))))
N19: =IF($B19="","",IF(OR($I19="",$J19="",$J19=0),"",IFERROR($I19/$J19,""))) | O19: =IF($B19="","",IF(OR($J19="",$K19="",$J19=0),"",IFERROR($K19/$J19,""))) | P19: =IF($B19="","",IF(OR($K19="",$L19="",$K19=0),"",IFERROR($L19/$K19,""))) | Q19: =IF($B19="","",IF(OR($I19="",$M19="",$I19=0),"",IFERROR($M19/$I19,""))) | R19: =IF($B19="","",IF(OR($H19="",$I19=""),"",$H19-$I19)) | S19: =IF($B19="","",IF(OR($A19="",$C19="",$D19="",$E19="",$F19="",$G19="",$H19=""),"Review setup",IF(COUNTIF($A$4:$A$103,$A19)>1,"Review duplicate ID",IF($D19<$C19,"Review dates",IF(AND($G19="Complete",OR($I19="",$J19="",$K19="",$L19="",$M19="")),"Review results",IF(OR($H19<0,$I19<0,$J19<0,$K19<0,$L19<0,$M19<0),"Review entries",IF($K19>$J19,"Review bookings",IF($L19>$K19,"Review sales",IF(AND($H19>=0,$I19>$H19*Assumptions!$E$4),"Review spend",IF(AND($J19>0,IFERROR($K19/$J19,0)<Assumptions!$E$5),"Review booking rate",IF(AND($K19>0,IFERROR($L19/$K19,0)<Assumptions!$E$6),"Review close rate","OK")))))))))))
N20: =IF($B20="","",IF(OR($I20="",$J20="",$J20=0),"",IFERROR($I20/$J20,""))) | O20: =IF($B20="","",IF(OR($J20="",$K20="",$J20=0),"",IFERROR($K20/$J20,""))) | P20: =IF($B20="","",IF(OR($K20="",$L20="",$K20=0),"",IFERROR($L20/$K20,""))) | Q20: =IF($B20="","",IF(OR($I20="",$M20="",$I20=0),"",IFERROR($M20/$I20,""))) | R20: =IF($B20="","",IF(OR($H20="",$I20=""),"",$H20-$I20)) | S20: =IF($B20="","",IF(OR($A20="",$C20="",$D20="",$E20="",$F20="",$G20="",$H20=""),"Review setup",IF(COUNTIF($A$4:$A$103,$A20)>1,"Review duplicate ID",IF($D20<$C20,"Review dates",IF(AND($G20="Complete",OR($I20="",$J20="",$K20="",$L20="",$M20="")),"Review results",IF(OR($H20<0,$I20<0,$J20<0,$K20<0,$L20<0,$M20<0),"Review entries",IF($K20>$J20,"Review bookings",IF($L20>$K20,"Review sales",IF(AND($H20>=0,$I20>$H20*Assumptions!$E$4),"Review spend",IF(AND($J20>0,IFERROR($K20/$J20,0)<Assumptions!$E$5),"Review booking rate",IF(AND($K20>0,IFERROR($L20/$K20,0)<Assumptions!$E$6),"Review close rate","OK")))))))))))
N21: =IF($B21="","",IF(OR($I21="",$J21="",$J21=0),"",IFERROR($I21/$J21,""))) | O21: =IF($B21="","",IF(OR($J21="",$K21="",$J21=0),"",IFERROR($K21/$J21,""))) | P21: =IF($B21="","",IF(OR($K21="",$L21="",$K21=0),"",IFERROR($L21/$K21,""))) | Q21: =IF($B21="","",IF(OR($I21="",$M21="",$I21=0),"",IFERROR($M21/$I21,""))) | R21: =IF($B21="","",IF(OR($H21="",$I21=""),"",$H21-$I21)) | S21: =IF($B21="","",IF(OR($A21="",$C21="",$D21="",$E21="",$F21="",$G21="",$H21=""),"Review setup",IF(COUNTIF($A$4:$A$103,$A21)>1,"Review duplicate ID",IF($D21<$C21,"Review dates",IF(AND($G21="Complete",OR($I21="",$J21="",$K21="",$L21="",$M21="")),"Review results",IF(OR($H21<0,$I21<0,$J21<0,$K21<0,$L21<0,$M21<0),"Review entries",IF($K21>$J21,"Review bookings",IF($L21>$K21,"Review sales",IF(AND($H21>=0,$I21>$H21*Assumptions!$E$4),"Review spend",IF(AND($J21>0,IFERROR($K21/$J21,0)<Assumptions!$E$5),"Review booking rate",IF(AND($K21>0,IFERROR($L21/$K21,0)<Assumptions!$E$6),"Review close rate","OK")))))))))))
N22: =IF($B22="","",IF(OR($I22="",$J22="",$J22=0),"",IFERROR($I22/$J22,""))) | O22: =IF($B22="","",IF(OR($J22="",$K22="",$J22=0),"",IFERROR($K22/$J22,""))) | P22: =IF($B22="","",IF(OR($K22="",$L22="",$K22=0),"",IFERROR($L22/$K22,""))) | Q22: =IF($B22="","",IF(OR($I22="",$M22="",$I22=0),"",IFERROR($M22/$I22,""))) | R22: =IF($B22="","",IF(OR($H22="",$I22=""),"",$H22-$I22)) | S22: =IF($B22="","",IF(OR($A22="",$C22="",$D22="",$E22="",$F22="",$G22="",$H22=""),"Review setup",IF(COUNTIF($A$4:$A$103,$A22)>1,"Review duplicate ID",IF($D22<$C22,"Review dates",IF(AND($G22="Complete",OR($I22="",$J22="",$K22="",$L22="",$M22="")),"Review results",IF(OR($H22<0,$I22<0,$J22<0,$K22<0,$L22<0,$M22<0),"Review entries",IF($K22>$J22,"Review bookings",IF($L22>$K22,"Review sales",IF(AND($H22>=0,$I22>$H22*Assumptions!$E$4),"Review spend",IF(AND($J22>0,IFERROR($K22/$J22,0)<Assumptions!$E$5),"Review booking rate",IF(AND($K22>0,IFERROR($L22/$K22,0)<Assumptions!$E$6),"Review close rate","OK")))))))))))
N23: =IF($B23="","",IF(OR($I23="",$J23="",$J23=0),"",IFERROR($I23/$J23,""))) | O23: =IF($B23="","",IF(OR($J23="",$K23="",$J23=0),"",IFERROR($K23/$J23,""))) | P23: =IF($B23="","",IF(OR($K23="",$L23="",$K23=0),"",IFERROR($L23/$K23,""))) | Q23: =IF($B23="","",IF(OR($I23="",$M23="",$I23=0),"",IFERROR($M23/$I23,""))) | R23: =IF($B23="","",IF(OR($H23="",$I23=""),"",$H23-$I23)) | S23: =IF($B23="","",IF(OR($A23="",$C23="",$D23="",$E23="",$F23="",$G23="",$H23=""),"Review setup",IF(COUNTIF($A$4:$A$103,$A23)>1,"Review duplicate ID",IF($D23<$C23,"Review dates",IF(AND($G23="Complete",OR($I23="",$J23="",$K23="",$L23="",$M23="")),"Review results",IF(OR($H23<0,$I23<0,$J23<0,$K23<0,$L23<0,$M23<0),"Review entries",IF($K23>$J23,"Review bookings",IF($L23>$K23,"Review sales",IF(AND($H23>=0,$I23>$H23*Assumptions!$E$4),"Review spend",IF(AND($J23>0,IFERROR($K23/$J23,0)<Assumptions!$E$5),"Review booking rate",IF(AND($K23>0,IFERROR($L23/$K23,0)<Assumptions!$E$6),"Review close rate","OK")))))))))))
N24: =IF($B24="","",IF(OR($I24="",$J24="",$J24=0),"",IFERROR($I24/$J24,""))) | O24: =IF($B24="","",IF(OR($J24="",$K24="",$J24=0),"",IFERROR($K24/$J24,""))) | P24: =IF($B24="","",IF(OR($K24="",$L24="",$K24=0),"",IFERROR($L24/$K24,""))) | Q24: =IF($B24="","",IF(OR($I24="",$M24="",$I24=0),"",IFERROR($M24/$I24,""))) | R24: =IF($B24="","",IF(OR($H24="",$I24=""),"",$H24-$I24)) | S24: =IF($B24="","",IF(OR($A24="",$C24="",$D24="",$E24="",$F24="",$G24="",$H24=""),"Review setup",IF(COUNTIF($A$4:$A$103,$A24)>1,"Review duplicate ID",IF($D24<$C24,"Review dates",IF(AND($G24="Complete",OR($I24="",$J24="",$K24="",$L24="",$M24="")),"Review results",IF(OR($H24<0,$I24<0,$J24<0,$K24<0,$L24<0,$M24<0),"Review entries",IF($K24>$J24,"Review bookings",IF($L24>$K24,"Review sales",IF(AND($H24>=0,$I24>$H24*Assumptions!$E$4),"Review spend",IF(AND($J24>0,IFERROR($K24/$J24,0)<Assumptions!$E$5),"Review booking rate",IF(AND($K24>0,IFERROR($L24/$K24,0)<Assumptions!$E$6),"Review close rate","OK")))))))))))
N25: =IF($B25="","",IF(OR($I25="",$J25="",$J25=0),"",IFERROR($I25/$J25,""))) | O25: =IF($B25="","",IF(OR($J25="",$K25="",$J25=0),"",IFERROR($K25/$J25,""))) | P25: =IF($B25="","",IF(OR($K25="",$L25="",$K25=0),"",IFERROR($L25/$K25,""))) | Q25: =IF($B25="","",IF(OR($I25="",$M25="",$I25=0),"",IFERROR($M25/$I25,""))) | R25: =IF($B25="","",IF(OR($H25="",$I25=""),"",$H25-$I25)) | S25: =IF($B25="","",IF(OR($A25="",$C25="",$D25="",$E25="",$F25="",$G25="",$H25=""),"Review setup",IF(COUNTIF($A$4:$A$103,$A25)>1,"Review duplicate ID",IF($D25<$C25,"Review dates",IF(AND($G25="Complete",OR($I25="",$J25="",$K25="",$L25="",$M25="")),"Review results",IF(OR($H25<0,$I25<0,$J25<0,$K25<0,$L25<0,$M25<0),"Review entries",IF($K25>$J25,"Review bookings",IF($L25>$K25,"Review sales",IF(AND($H25>=0,$I25>$H25*Assumptions!$E$4),"Review spend",IF(AND($J25>0,IFERROR($K25/$J25,0)<Assumptions!$E$5),"Review booking rate",IF(AND($K25>0,IFERROR($L25/$K25,0)<Assumptions!$E$6),"Review close rate","OK")))))))))))
... N103: =IF($B103="","",IF(OR($I103="",$J103="",$J103=0),"",IFERROR($I103/$J103,""))) | O103: =IF($B103="","",IF(OR($J103="",$K103="",$J103=0),"",IFERROR($K103/$J103,""))) | P103: =IF($B103="","",IF(OR($K103="",$L103="",$K103=0),"",IFERROR($L103/$K103,""))) | Q103: =IF($B103="","",IF(OR($I103="",$M103="",$I103=0),"",IFERROR($M103/$I103,""))) | R103: =IF($B103="","",IF(OR($H103="",$I103=""),"",$H103-$I103)) | S103: =IF($B103="","",IF(OR($A103="",$C103="",$D103="",$E103="",$F103="",$G103="",$H103=""),"Review setup",IF(COUNTIF($A$4:$A$103,$A103)>1,"Review duplicate ID",IF($D103<$C103,"Review dates",IF(AND($G103="Complete",OR($I103="",$J103="",$K103="",$L103="",$M103="")),"Review results",IF(OR($H103<0,$I103<0,$J103<0,$K103<0,$L103<0,$M103<0),"Review entries",IF($K103>$J103,"Review bookings",IF($L103>$K103,"Review sales",IF(AND($H103>=0,$I103>$H103*Assumptions!$E$4),"Review spend",IF(AND($J103>0,IFERROR($K103/$J103,0)<Assumptions!$E$5),"Review booking rate",IF(AND($K103>0,IFERROR($L103/$K103,0)<Assumptions!$E$6),"Review close rate","OK")))))))))))

Sheet Assumptions
A1: Pest Control Marketing Campaign Tracker — Assumptions
A2: Edit yellow cells as business needs change. Review thresholds are internal planning aids, not guarantees or outside approvals.
A3: Channel | B3: Campaign Owner | C3: Status | D3: Review Threshold | E3: Value | F3: Purpose
A4: Search Ads | B4: Avery Quill (Fictional) | C4: Planned | D4: Budget use limit | E4: 1 | F4: Flag spend above this share of budget for human review.
A5: Direct Mail | B5: Morgan Vale (Fictional) | C5: Active | D5: Minimum booking rate | E5: 0.2 | F5: Flag lower booked inspections divided by leads.
A6: Social Media | B6: Rowan Pike (Fictional) | C6: Paused | D6: Minimum close rate | E6: 0.3 | F6: Flag lower sales divided by booked inspections.
A7: Email | B7: Casey North (Fictional) | C7: Complete | D7: Earliest campaign date | E7: 45658 | F7: Earliest date accepted by the campaign entry validation.
A8: Referral | B8: Jordan Flint (Fictional) | C8: Canceled | D8: Latest campaign date | E8: 47483 | F8: Latest date accepted by the campaign entry validation.
A9: Community Event
